[ AOE2 MATCH · #495734366 ]
UnrankedHindustanis vs Ethiopians
Rival team · LOSS
[ REPLAY ANALYSIS · EXTRACTED FROM THE RECORDED GAME ]
Feudal
8:50
Castle
21:15
Imperial
32:10
| APM avg | 72.2 |
| APM peak | 126 |
| eAPM avg | 33.2 |
| Villagers / military | 132 / 124 |
Focus
⚔️ 52.0% · 🌾 48.0%
Ghulam ×55 · Hand Cannoneer ×27 · Skirmisher ×15 · Cavalry Archer ×13 · Archer ×6 · Spearman ×3
Feudal
8:57
Castle
20:39
Imperial
34:27
| APM avg | 67.1 |
| APM peak | 96 |
| eAPM avg | 39.0 |
| Villagers / military | 201 / 112 |
Focus
⚔️ 58.1% · 🌾 41.9%
Archer ×60 · Shotel Warrior ×33 · Militia ×12 · Scout Cavalry ×3 · Monk ×2 · Knight ×2
Match map
Initial resources + every placement click. Lines = walls · curves = elevation contours. ◆ gold · ⬟ stone · ● berries · ✦ relic · ◌ wall gap
Your base· Open — 6t gap
PNLN | PG9's base· Open — unwalled flank
Smoothed initial terrain · ◌ = detected wall gap · hover for details
Inputs per minute
— laptopGuru - - PNLN | PG9
Build order — laptopGuru
First 150 of 389 actions detected
| 0:00 | Create | Villager (Male) |
| 0:00 | Create | Villager (Male) |
| 0:01 | Build | House |
| 0:02 | Build | House |
| 0:06 | Create | Villager (Male) |
| 0:13 | Create | Villager (Male) |
| 0:14 | Create | Villager (Male) |
| 1:02 | Create | Villager (Male) |
| 1:27 | Create | Villager (Male) |
| 1:27 | Create | Villager (Male) |
| 2:03 | Build | Lumber Camp |
| 2:14 | Create | Villager (Male) |
| 2:15 | Create | Villager (Male) |
| 2:43 | Create | Villager (Male) |
| 2:43 | Create | Villager (Male) |
| 3:10 | Create | Villager (Male) |
| 3:30 | Create | Villager (Male) |
| 3:30 | Create | Villager (Male) |
| 3:52 | Build | House |
| 3:59 | Build | House |
| 4:01 | Create | Villager (Male) |
| 4:18 | Create | Villager (Male) |
| 4:37 | Build | Mill |
| 4:44 | Create | Villager (Male) |
| 5:22 | Create | Villager (Male) |
| 5:50 | Create | Villager (Male) |
| 5:56 | Research | Loom |
| 6:33 | Research | Feudal Age |
| 7:29 | Build | Barracks |
| 7:35 | Create | Villager (Male) |
| 7:44 | Build | Palisade Wall |
| 7:58 | Build | Palisade Wall |
| 8:18 | Build | Palisade Wall |
| 8:50 | Age | Feudal Age |
| 8:52 | Build | Archery Range |
| 8:54 | Research | Double-Bit Axe |
| 8:57 | Build | Palisade Wall |
| 8:57 | Create | Villager (Male) |
| 9:13 | Build | House |
| 9:13 | Create | Villager (Male) |
| 9:18 | Build | Palisade Wall |
| 9:35 | Create | Villager (Male) |
| 9:40 | Create | Skirmisher |
| 9:40 | Create | Skirmisher |
| 9:42 | Create | Villager (Male) |
| 9:44 | Build | Farm |
| 9:51 | Build | House |
| 9:52 | Build | Palisade Wall |
| 10:00 | Create | Villager (Male) |
| 10:14 | Create | Skirmisher |
| 10:24 | Build | Farm |
| 10:25 | Build | Farm |
| 10:33 | Build | House |
| 10:41 | Build | House |
| 10:52 | Create | Villager (Male) |
| 11:05 | Build | Farm |
| 11:17 | Create | Skirmisher |
| 11:33 | Build | House |
| 11:37 | Create | Villager (Male) |
| 11:39 | Build | Farm |
| 11:41 | Build | Farm |
| 11:50 | Create | Skirmisher |
| 12:08 | Create | Villager (Male) |
| 12:16 | Build | Blacksmith |
| 12:26 | Create | Villager (Male) |
| 12:30 | Build | House |
| 12:33 | Build | Palisade Wall |
| 12:36 | Create | Skirmisher |
| 12:45 | Research | Horse Collar |
| 12:56 | Create | Villager (Male) |
| 13:01 | Build | Farm |
| 13:03 | Research | Fletching |
| 13:07 | Create | Spearman |
| 13:13 | Create | Skirmisher |
| 13:16 | Create | Villager (Male) |
| 13:17 | Create | Villager (Male) |
| 13:27 | Build | Farm |
| 13:39 | Research | Padded Archer Armor |
| 13:40 | Create | Villager (Male) |
| 13:49 | Create | Skirmisher |
| 14:04 | Build | Farm |
| 14:05 | Build | Farm |
| 14:06 | Build | Farm |
| 14:10 | Create | Villager (Male) |
| 14:17 | Build | Watch Tower |
| 14:22 | Create | Villager (Male) |
| 14:31 | Create | Villager (Male) |
| 14:32 | Build | Mining Camp |
| 14:41 | Build | Farm |
| 14:55 | Create | Villager (Male) |
| 14:58 | Create | Skirmisher |
| 14:59 | Create | Skirmisher |
| 15:07 | Create | Villager (Male) |
| 15:08 | Create | Skirmisher |
| 15:15 | Create | Villager (Male) |
| 15:26 | Create | Skirmisher |
| 15:36 | Research | Wheelbarrow |
| 15:48 | Create | Skirmisher |
| 15:54 | Create | Villager (Male) |
| 16:24 | Create | Villager (Male) |
| 16:29 | Create | Villager (Male) |
| 16:29 | Research | Town Watch |
| 16:31 | Build | Market |
| 16:41 | Build | Farm |
| 16:41 | Build | Farm |
| 17:35 | Build | Farm |
| 17:35 | Build | Farm |
| 17:37 | Build | Farm |
| 17:59 | Build | Farm |
| 18:00 | Build | Farm |
| 18:05 | Create | Skirmisher |
| 18:35 | Research | Castle Age |
| 18:35 | Research | Castle Age |
| 18:59 | Create | Spearman |
| 19:35 | Build | Lumber Camp |
| 19:39 | Build | House |
| 20:21 | Create | Villager (Male) |
| 21:15 | Age | Castle Age |
| 21:17 | Build | Town Center |
| 21:19 | Research | Bodkin Arrow |
| 21:19 | Research | Bodkin Arrow |
| 21:35 | Create | Villager (Male) |
| 21:42 | Research | Elite Skirmisher (upgrade) |
| 21:43 | Create | Villager (Male) |
| 21:46 | Create | Villager (Male) |
| 21:57 | Research | Bow Saw |
| 21:57 | Create | Villager (Male) |
| 22:00 | Create | Villager (Male) |
| 22:19 | Build | Farm |
| 22:29 | Create | Villager (Male) |
| 22:33 | Create | Spearman |
| 22:47 | Build | Monastery |
| 22:49 | Create | Villager (Male) |
| 22:50 | Create | Villager (Male) |
| 22:51 | Create | Villager (Male) |
| 22:59 | Build | Farm |
| 22:59 | Build | Farm |
| 23:04 | Build | Farm |
| 23:09 | Create | Villager (Male) |
| 23:14 | Research | Town Watch |
| 23:16 | Create | Villager (Male) |
| 23:21 | Research | Hand Cart |
| 23:22 | Create | Villager (Male) |
| 23:26 | Create | Skirmisher |
| 23:27 | Create | Villager (Male) |
| 23:28 | Create | Villager (Male) |
| 23:37 | Create | Villager (Male) |
| 23:44 | Create | Monk |
| 23:55 | Create | Villager (Male) |
| 24:00 | Build | Farm |
Build order — PNLN | PG9
First 150 of 494 actions detected
| 0:01 | Create | Villager (Male) |
| 0:01 | Create | Villager (Male) |
| 0:02 | Build | House |
| 0:03 | Build | House |
| 0:04 | Create | Villager (Male) |
| 0:06 | Create | Villager (Male) |
| 1:35 | Create | Villager (Male) |
| 1:54 | Create | Villager (Male) |
| 1:56 | Build | Lumber Camp |
| 2:28 | Create | Villager (Male) |
| 2:28 | Create | Villager (Male) |
| 2:28 | Create | Villager (Male) |
| 3:09 | Create | Villager (Male) |
| 3:09 | Create | Villager (Male) |
| 3:29 | Create | Villager (Male) |
| 3:29 | Create | Villager (Male) |
| 3:50 | Build | House |
| 3:51 | Build | Palisade Wall |
| 4:02 | Create | Villager (Male) |
| 4:25 | Create | Villager (Male) |
| 4:54 | Create | Villager (Male) |
| 5:11 | Build | Barracks |
| 5:17 | Create | Villager (Male) |
| 5:32 | Create | Villager (Male) |
| 5:32 | Research | Loom |
| 6:13 | Build | House |
| 6:47 | Research | Feudal Age |
| 6:48 | Research | Feudal Age |
| 7:01 | Build | Mining Camp |
| 7:07 | Create | Militia |
| 7:07 | Create | Militia |
| 7:07 | Create | Militia |
| 7:22 | Create | Militia |
| 7:56 | Create | Militia |
| 7:57 | Create | Militia |
| 8:13 | Build | Mill |
| 8:28 | Create | Villager (Male) |
| 8:57 | Age | Feudal Age |
| 9:01 | Research | Man-at-Arms (upgrade) |
| 9:01 | Research | Man-at-Arms (upgrade) |
| 9:16 | Build | Archery Range |
| 9:24 | Create | Villager (Male) |
| 9:24 | Create | Villager (Male) |
| 9:47 | Build | House |
| 9:51 | Build | House |
| 10:05 | Create | Villager (Male) |
| 10:11 | Build | House |
| 10:16 | Create | Archer |
| 10:18 | Research | Double-Bit Axe |
| 10:19 | Research | Double-Bit Axe |
| 10:28 | Build | Farm |
| 10:39 | Create | Villager (Male) |
| 10:52 | Create | Archer |
| 10:55 | Build | Farm |
| 11:01 | Create | Villager (Male) |
| 11:11 | Build | Farm |
| 11:12 | Build | Farm |
| 11:15 | Create | Archer |
| 11:27 | Build | House |
| 11:38 | Create | Archer |
| 11:38 | Create | Villager (Male) |
| 12:05 | Create | Militia |
| 12:14 | Create | Villager (Male) |
| 12:14 | Create | Villager (Male) |
| 12:17 | Build | Farm |
| 12:24 | Create | Militia |
| 12:44 | Create | Villager (Male) |
| 12:44 | Create | Archer |
| 12:49 | Build | Farm |
| 12:51 | Build | Farm |
| 12:56 | Build | House |
| 12:57 | Build | House |
| 13:05 | Create | Militia |
| 13:15 | Create | Villager (Male) |
| 13:19 | Create | Villager (Male) |
| 13:22 | Build | Farm |
| 13:39 | Create | Villager (Male) |
| 13:51 | Create | Militia |
| 13:51 | Create | Villager (Male) |
| 13:53 | Build | Blacksmith |
| 14:05 | Create | Villager (Male) |
| 14:07 | Create | Archer |
| 14:19 | Build | House |
| 14:21 | Build | House |
| 14:23 | Build | Farm |
| 14:30 | Create | Militia |
| 14:31 | Create | Villager (Male) |
| 14:41 | Research | Scale Mail Armor |
| 14:41 | Research | Scale Mail Armor |
| 14:59 | Create | Militia |
| 15:10 | Create | Villager (Male) |
| 15:14 | Build | House |
| 15:15 | Build | Farm |
| 15:17 | Build | Farm |
| 15:19 | Build | Farm |
| 15:27 | Research | Fletching |
| 15:27 | Research | Fletching |
| 16:14 | Create | Villager (Male) |
| 16:14 | Create | Villager (Male) |
| 16:25 | Create | Villager (Male) |
| 16:29 | Build | Market |
| 17:20 | Build | Stable |
| 17:40 | Build | Palisade Wall |
| 17:44 | Build | House |
| 17:59 | Research | Castle Age |
| 17:59 | Research | Castle Age |
| 18:17 | Build | Lumber Camp |
| 18:21 | Create | Scout Cavalry |
| 18:21 | Create | Scout Cavalry |
| 18:34 | Build | Farm |
| 18:35 | Create | Archer |
| 18:54 | Create | Scout Cavalry |
| 19:05 | Build | Farm |
| 19:07 | Build | Farm |
| 19:21 | Create | Archer |
| 19:27 | Build | Farm |
| 19:31 | Create | Villager (Male) |
| 19:58 | Create | Villager (Male) |
| 20:27 | Create | Villager (Male) |
| 20:39 | Age | Castle Age |
| 20:41 | Create | Knight |
| 20:47 | Build | Town Center |
| 20:51 | Build | Town Center |
| 21:00 | Create | Knight |
| 21:01 | Create | Villager (Male) |
| 21:27 | Create | Villager (Male) |
| 21:39 | Create | Villager (Male) |
| 21:42 | Build | Town Center |
| 21:44 | Create | Villager (Male) |
| 21:59 | Research | Bow Saw |
| 21:59 | Research | Bow Saw |
| 22:00 | Research | Horse Collar |
| 22:00 | Research | Horse Collar |
| 22:12 | Create | Villager (Male) |
| 22:17 | Build | Monastery |
| 22:24 | Create | Villager (Male) |
| 22:26 | Build | Farm |
| 22:29 | Build | Farm |
| 22:40 | Research | Wheelbarrow |
| 22:40 | Research | Wheelbarrow |
| 22:41 | Create | Villager (Male) |
| 22:41 | Create | Villager (Male) |
| 22:46 | Create | Villager (Male) |
| 22:46 | Create | Villager (Male) |
| 22:51 | Build | Mining Camp |
| 22:59 | Build | House |
| 23:01 | Build | House |
| 23:03 | Create | Villager (Male) |
| 23:03 | Create | Villager (Male) |
| 23:11 | Build | Farm |
Match timeline
| 3:51 | PNLN | PG9 · wall_segment Palisade Wall x1 |
| 5:11 | PNLN | PG9 · first_building Barracks |
| 7:29 | laptopGuru · first_building Barracks |
| 7:44 | laptopGuru · wall_segment Palisade Wall x6 |
| 7:58 | laptopGuru · wall_segment Palisade Wall x5 |
| 8:18 | laptopGuru · wall_segment Palisade Wall x5 |
| 8:50 | laptopGuru · age_up feudal |
| 8:52 | laptopGuru · first_building Archery Range |
| 8:57 | laptopGuru · wall_segment Palisade Wall x1 |
| 8:57 | PNLN | PG9 · age_up feudal |
| 9:16 | PNLN | PG9 · first_building Archery Range |
| 9:18 | laptopGuru · wall_segment Palisade Wall x4 |
| 9:52 | laptopGuru · wall_segment Palisade Wall x1 |
| 12:33 | laptopGuru · wall_segment Palisade Wall x1 |
| 17:20 | PNLN | PG9 · first_building Stable |
| 17:25 | PNLN | PG9 · first_market_sell 100 stone |
| 17:26 | PNLN | PG9 · first_market_buy 100 food |
| 17:40 | PNLN | PG9 · wall_segment Palisade Wall x3 |
| 20:39 | PNLN | PG9 · age_up castle |
| 21:07 | laptopGuru · first_market_buy 100 stone |
| 21:15 | laptopGuru · age_up castle |
| 21:55 | laptopGuru · first_market_sell 100 food |
| 22:17 | PNLN | PG9 · first_building Monastery |
| 22:47 | laptopGuru · first_building Monastery |
| 26:34 | PNLN | PG9 · first_building Castle |
| 27:29 | laptopGuru · first_building Castle |
| 27:55 | laptopGuru · first_building Stable |
| 30:44 | laptopGuru · wall_segment Palisade Wall x1 |
| 32:10 | laptopGuru · age_up imperial |
| 34:27 | PNLN | PG9 · age_up imperial |
| 39:22 | PNLN | PG9 · resign |
[ AI ANALYSIS · 1 CREDIT ]
What really happened in this match?
Wolo.gg analyzes every decision: build order, eco, micro, common mistakes by bracket. Personalized analysis on WhatsApp or Discord in 30 seconds.
Civ guide
Hindustanis
Perfil
Jugador #20830378